 Dungeon Crawl Stone Soup version 0.20.1-1-g8b1a95d (webtiles) character file.

168 vishdafish the Skirmisher (level 5, -12/42 HPs)
             Began as a Demonspawn Fighter on July 3, 2017.
             Killed by divine providence
             ... invoked by an orc priest
              (15 damage)
             ... on level 3 of the Dungeon.
             The game lasted 00:02:06 (1953 turns).

vishdafish the Skirmisher (Demonspawn Fighter)      Turns: 1953, Time: 00:02:07

Health: -12/42     AC:  6    Str: 18    XL:     5   Next: 23%
Magic:  5/5        EV:  7    Int: 14    God:
Gold:   85         SH:  9    Dex: 12    Spells: 4/4 levels left

rFire    + . .     SeeInvis .   a - +0 war axe
rCold    . . .     Gourm    .   c - +0 shield
rNeg     . . .     Faith    .   b - +0 scale mail
rPois    +         Spirit   .   (helmet restricted)
rElec    .         Reflect  .   (no cloak)
rCorr    .         Harm     .   (no gloves)
MR       .....                  (no boots)
Stlth    ..........             s - amulet of magic regeneration
Regen    0.2/turn               h - ring of poison resistance
MPRegen  0.2/turn               i - ring of loudness (curse)

@: brilliant
A: horns 1, fire resistance 1
a: no special abilities


You were on level 3 of the Dungeon.
You were hungry.

You visited 1 branch of the dungeon, and saw 3 of its levels.

You collected 85 gold pieces.

Inventory:

Hand Weapons
 a - a +0 war axe (weapon)
Armour
 b - a +0 scale mail (worn)
 c - a +0 shield (worn)
Jewellery
 h - a ring of poison resistance (left hand)
 i - a cursed ring of loudness (right hand)
 s - an amulet of magic regeneration (around neck)
Wands
 v - a wand of random effects (16/48)
Scrolls
 g - 3 scrolls of identify {unknown}
 l - 2 scrolls of remove curse {unknown}
 m - 2 scrolls of enchant armour {unknown}
 n - 2 scrolls of teleportation {unknown}
 u - a scroll of immolation {unknown}
Potions
 d - a potion of might
 e - a potion of brilliance
 j - 2 potions of lignification {unknown}
 k - a potion of haste {unknown}
 p - a potion of resistance {unknown}
 q - a potion of cancellation {unknown}
 r - 2 potions of agility {unknown}
 t - a potion of heal wounds {unknown}
Comestibles
 f - a bread ration
 o - 2 royal jellies


   Skills:
 + Level 4.0 Fighting
 * Level 3.2 Axes
 + Level 3.3 Armour
 - Level 0.1 Dodging
 + Level 3.2 Shields


You had 4 spell levels left.
You didn't know any spells.

Dungeon Overview and Level Annotations

Branches:
Dungeon (3/15)

Altars:
Ashenzari


Innate Abilities, Weirdness & Mutations

You have a pair of small horns on your head.
Your flesh is heat resistant. (rF+)


Message History

Beogh smites you! The orc hits you but does no damage.
You slash the orc!
You kill the orc!
The bat hits you but does no damage. You block the bat's attack.
You slash the bat!
You kill the bat!
You closely miss the goblin. You block the goblin's attack.
The orc priest hits you but does no damage.
You hit the orc priest.
The orc priest is lightly wounded.
You closely miss the goblin. The goblin hits you with a club.
The orc priest mumbles some strange prayers to Beogh against you.
Beogh smites you!
* * * LOW HITPOINT WARNING * * *
You block the goblin's attack.
It was a potion of brilliance.
You feel clever all of a sudden.
The orc priest calls down the wrath of Beogh upon you.
Beogh smites you!
You die...

#.....##...##
##...##.....#
######.###.#####
#.....##.#...# ##
#.##..##.#.#.# ...
# #.........# ..##
##.##.#.### .....
#.##.#..###....##
.........@o......
##....#..g##.#.)##
####...... ..
###...## ..# ##..#
... +..# ## #..#
...#


You could see an orc priest and a goblin.

Vanquished Creatures
  A gnoll sergeant (D:3)
  5 adders
  3 dart slugs
  4 leopard geckos
  3 orcs (D:3)
  5 goblins
  6 hobgoblins
  5 kobolds
  A quokka (D:2)
  7 bats
  3 frilled lizards
  9 rats
52 creatures vanquished.

Notes
Turn   | Place    | Note
-------+----------+-------------------------------------------
     0 | D:1      | vishdafish the Demonspawn Fighter began the quest for the Orb.
     0 | D:1      | Reached XP level 1. HP: 18/18 MP: 1/1
   114 | D:1      | Gained mutation: You have a pair of small horns on your head. [demonic ancestry]
   114 | D:1      | Reached XP level 2. HP: 19/24 MP: 2/2
   600 | D:2      | Reached XP level 3. HP: 24/29 MP: 3/3
  1110 | D:2      | Reached XP level 4. HP: 26/37 MP: 4/4
  1252 | D:2      | Found a shattered altar of Ashenzari.
  1593 | D:3      | Noticed a gnoll sergeant
  1605 | D:3      | Killed a gnoll sergeant
  1605 | D:3      | Reached skill level 4 in Fighting
  1605 | D:3      | Gained mutation: Your flesh is heat resistant. (rF+) [demonic ancestry]
  1605 | D:3      | Reached XP level 5. HP: 9/42 MP: 5/5
  1952 | D:3      | HP: 2/42 [orc priest/divine providence (12)]
  1953 | D:3      | Killed from afar by an orc priest

Skill      XL: |  1  2  3  4 |
---------------+-------------+-----
Axes           | 2 3 |  3.2
Armour         | 3 |  3.3
Shields        | 3 |  3.2
Fighting       | 4 |  4.0
Dodging        | |  0.1

Action                   |  1- 3 |  4- 6 || total
-------------------------+-------+-------++-------
Melee: War axe           |    80 |    52 ||   132
       Headbutt          |    12 |     8 ||    20
  Use: Potion            |       |     2 ||     2
  Eat: Chunk             |       |     3 ||     3
Armor: Scale mail        |    42 |    28 ||    70
Dodge: Dodged            |    18 |     7 ||    25
Block: Shield            |    42 |    28 ||    70
